 Dungeon Crawl Stone Soup version 0.27.1-1-g398f81649c (webtiles) character file.

Game seed: 10460062410262215283

21 Araneus the Insei (level 2, 0/22 HPs)
             Began as a Demigod Transmuter on Sept 15, 2021.
             Succumbed to an adder's poison
             ... on level 2 of the Dungeon.
             The game lasted 00:03:13 (1710 turns).

Araneus the Insei (Demigod Transmuter)              Turns: 1710, Time: 00:03:14

Health: 0/22       AC:  2    Str: 11    XL:     2   Next: 45%
Magic:  7/7        EV: 12    Int: 15    God:
Gold:   85         SH:  0    Dex: 14    Spells: 3/4 levels left

rFire    . . .     SeeInvis .     - Unarmed
rCold    . . .     Faith    .   (no shield)
rNeg     . . .     Spirit   .   a - +0 robe
rPois    .         Reflect  .   (helmet currently unavailable)
rElec    .         Harm     .   (no cloak)
rCorr    .         Rampage  .   (no gloves)
Will     .....                  (boots currently unavailable)
Stlth    +.........             (no amulet)
HPRegen  0.07/turn              (no ring)
MPRegen  0.10/turn              (no ring)

@: lethally poisoned (0 -> -8), appendages (expiring), hasted, very quick
A: horns 2, talons 2, high mp 1, forlorn
a: End Transformation


You were on level 2 of the Dungeon.
You had temporarily grown beastly horns and talons.
You visited 1 branch of the dungeon, and saw 2 of its levels.

You collected 85 gold pieces.

Inventory:

Hand Weapons
 h - a +2 dagger of venom
Armour
 a - a +0 robe (worn)
Scrolls
 c - 2 scrolls of teleportation {unknown}
 d - a scroll of vulnerability {unknown}
 e - a scroll of enchant armour {unknown}
 g - a scroll of fear {unknown}
 i - a scroll of acquirement {unknown}
Potions
 f - a potion of magic
 j - a potion of heal wounds {unknown}


   Skills:
 + Level 0.8 Fighting
 + Level 1.9 Dodging
 + Level 3.1 Unarmed Combat
 - Level 1.7 Spellcasting
 * Level 2.4 Transmutations


You had 3 spell levels left.
You knew the following spells:

 Your Spells              Type           Power      Damage    Failure   Level
a - Beastly Appendage     Tmut           16%        N/A       9%          1

Your spell library contained the following spells:

 Spells                   Type           Power      Damage    Failure   Level
 Wereblood                Tmut           8%         N/A       13%         2
 Shock                    Conj/Air       4%         1d3       22%         1
 Spider Form              Tmut/Pois      2%         N/A       38%         3
 Swiftness                Air            1%         N/A       56%         3
 Ice Form                 Ice/Tmut       4%         N/A       80%         4
 Airstrike                Air            0%         N/A       92%         4


Dungeon Overview and Level Annotations

Branches:
Dungeon (2/15)


Innate Abilities, Weirdness & Mutations

You have temporarily grown beastly horns and talons.
Your attributes grow dramatically as you level up.
You have an increased reservoir of magic. (+10% MP)
You shall have no god before yourself.


Message History

No target in view!
Things that are here:
a glowing inky potion; a ball python corpse
f - 2 glowing inky potions (gained 1)
Casting: Beastly Appendage (safe; 9% risk of failure)
Confirm with . or Enter, or press ? or * to list all spells.
You extend your transformation's duration.
The goblin shouts!
An adder comes into view.
Found 8 stones.
Found a stone staircase leading down.
Found a fuming sapphire potion.
The adder hisses angrily.
The adder closely misses you. The adder barely misses you.
You miss the adder. The adder bites you.
You barely miss the adder. The adder bites you.
You closely miss the adder. The adder closely misses you.
You hit the adder.
The adder is moderately wounded.
Your transformation is almost over.
The adder bites you but does no damage.
You barely miss the adder. You claw the adder. Your headbutt misses the adder.
The adder is severely wounded.
The adder misses you. The goblin misses you. The adder bites you.
You are poisoned.
The adder poisons you!
You closely miss the adder.
The adder is severely wounded.
You feel sick.
A quokka comes into view.
The adder bites you.
You are more poisoned.
The adder poisons you! The goblin hits you with a +0 dagger.
* * * LOW HITPOINT WARNING * * *
It was a potion of magic.
Magic courses through your body.
* * * LOW HITPOINT WARNING * * *
You feel sick. The adder bites you but does no damage.
The goblin hits you with a +0 dagger.
* * * LOW HITPOINT WARNING * * *
It was a potion of haste.
You feel yourself speed up.
You die...

#...........###.......#..
#...........###......##..
##...........##.#######..
##...#....#......?. #..
########......###. ....
#......#### #...
#####..........
#..S#......####
#####..@#.######
.......g#.#
.....>..#†####
!............#
.###.....###...?.
#....... .... #$.....r.
... #..$...... ..
............ .


You could see an adder, a quokka and a goblin.

Vanquished Creatures
  A ball python (D:2)
  An endoplasm (D:1)
  A giant cockroach (D:2)
  2 goblins
  A hobgoblin (D:1)
  4 kobolds
  2 quokkas (D:1)
  3 bats (D:1)
  3 rats
18 creatures vanquished.

Notes
Turn   | Place    | Note
-------+----------+-------------------------------------------
     0 | D:1      | Araneus the Demigod Transmuter began the quest for the Orb.
     0 | D:1      | Reached XP level 1. HP: 15/15 MP: 5/5
   522 | D:1      | Reached skill level 3 in Unarmed Combat
  1119 | D:1      | Reached XP level 2. HP: 22/22 MP: 5/7
  1709 | D:2      | HP: 1/22 [goblin (3)]
  1710 | D:2      | Succumbed to an adder's poison

Illustrated notes

Levels and vault maps discovered:
D:1:      ncdulo_wetmaze, layout_loops_corners, palyth_stone_intersect
D:2:      layout_rooms, minmay_tromino_v4_b

Skill      XL: |  1 |
---------------+----+-----
Transmutations | 2 |  2.4
Unarmed Combat | 3 |  3.1
Fighting       | |  0.8
Dodging        | |  1.9
Spellcasting   | |  1.7

Action                   || total
-------------------------++-------
Melee: Unarmed           ||    56
       Kick              ||     7
       Headbutt          ||     6
 Cast: Beastly Appendage ||    18
  Use: Potion            ||     2
 Stab: Sleeping          ||     1
Armor: Robe              ||    11
Dodge: Dodged            ||    36
